 Dungeon Crawl Stone Soup version 0.18-a0-1589-g520a787 (webtiles) character file.

184 Geeful the Insei (level 5, -2/51 HPs)
             Began as an Octopode Transmuter on Mar 19, 2016.
             Slain by Purgy (3 damage)
             ... on level 2 of the Dungeon.
             The game lasted 00:06:02 (3750 turns).

Geeful the Insei (Octopode Transmuter)              Turns: 3750, Time: 00:06:03

Health: -2/51      AC: 22    Str:  9    XL:     5   Next: 63%
Magic:  9/9        EV:  2    Int: 16    God:
Gold:   110        SH:  0    Dex: 13    Spells: 2 memorised, 6 levels left

rFire  . . .     SeeInvis .     d - +0 short sword
rCold  . . .     Gourm    .     (no shield)
rNeg   + + +     Faith    .     (helmet currently unavailable)
rPois  +         Spirit   .     (no amulet)
rElec  .         Dismiss  .     (no ring)
rCorr  .         Reflect  .     (no ring)
SustAt .         Harm     .     (no ring)
MR     .....     NoTele   +     (no ring)
Stlth  +.........               (no ring)
                                (no ring)
                                (no ring)
                                (no ring)

@: tree-form, not resistant to hostile enchantments, very unstealthy
A: almost no armour, (amphibious), 8 rings, (constrict 8), (camouflage 0),
(gelatinous body 0)
a: no special abilities


You were on level 2 of the Dungeon.
You were hungry.
You were a tree.
You visited 1 branch of the dungeon, and saw 3 of its levels.

You collected 110 gold pieces.

Inventory:

Hand Weapons
 d - a +0 short sword (weapon)
Missiles
 a - 41 arrows
 h - 4 curare-tipped needles
 k - 7 tomahawks (quivered)
Scrolls
 j - a scroll of identify {unknown}
Potions
 e - 2 potions of lignification
 i - a potion of curing {unknown}
Books
 b - a book of Changes

   Spells                             Type                      Level
   a - Beastly Appendage              Transmutation                1
   b - Sticks to Snakes               Transmutation                2
   c - Spider Form                    Transmutation/Poison         3
   d - Ice Form                       Ice/Transmutation            4
   e - Blade Hands                    Transmutation                5
Comestibles
 c - 3 bread rations
 f - a meat ration


   Skills:
 + Level 2.2 Fighting
 + Level 2.8 Dodging
 + Level 3.8 Unarmed Combat
 + Level 3.0 Spellcasting
 + Level 3.2 Transmutations


You had 6 spell levels left.
You knew the following spells:

 Your Spells              Type           Power        Failure   Level  Hunger
a - Beastly Appendage     Trmt           ##....       8%          1    #......
b - Spider Form           Trmt/Pois      #.........   34%         3    ###....


Dungeon Overview and Level Annotations

Branches:
Dungeon (3/15)

Altars:

Annotations:
D:2 Purgy


Innate Abilities, Weirdness & Mutations

You cannot wear most types of armour.
((You are amphibious.))
You can wear up to eight rings at the same time.
((You can use your tentacles to constrict eight enemies at once.))
((Your skin changes colour to match your surroundings (Stealth).))
((Your rubbery body absorbs attacks (AC +1).))


Message History

Purgy completely misses you.
You barely miss Purgy.
Purgy is lightly wounded.
Purgy completely misses you. Purgy claws you but does no damage. x2
You closely miss Purgy. You punch Purgy, but do no damage.
Purgy is lightly wounded.
Purgy barely misses you. Purgy claws you.
* * * LOW HITPOINT WARNING * * *
Purgy claws you but does no damage.
You hit Purgy but do no damage.
Purgy is lightly wounded.
Purgy bites you but does no damage. Purgy claws you but does no damage. x2
You closely miss Purgy.
Purgy is lightly wounded.
Purgy barely misses you. Purgy claws you but does no damage. x2
Purgy bites you but does no damage. Purgy claws you but does no damage. x2
You hit Purgy.
Purgy is lightly wounded.
Purgy bites you.
You die...

####..##.### #...#
#..........####...#
#####.##..##.#........#
................###..##
......##..####### #..#
########..#########.)#
#.............#
##.##########)#
#.....>T♣....#
##############


You could see Purgy.

Vanquished Creatures
  An orc priest (D:2)
  Crazy Yiuf (D:2)
  A gnoll (D:1)
  5 adders
  2 oozes (D:2)
  A worm (D:2)
  A dart slug (D:1)
  2 giant geckos
  3 orcs
  4 giant cockroaches
  7 goblins
  7 hobgoblins
  A jackal (D:3)
  4 kobolds
  6 bats
  4 giant newts
  7 rats
57 creatures vanquished.

Notes
Turn   | Place    | Note
--------------------------------------------------------------
     0 | D:1      | Geeful the Octopode Transmuter began the quest for the Orb.
     0 | D:1      | Reached XP level 1. HP: 13/13 MP: 3/3
   334 | D:1      | Reached XP level 2. HP: 16/18 MP: 5/5
   575 | D:1      | Reached XP level 3. HP: 23/23 MP: 6/6
  1281 | D:2      | Learned a level 3 spell: Spider Form
  1374 | D:2      | Reached XP level 4. HP: 20/28 MP: 7/7
  1947 | D:2      | Noticed Crazy Yiuf
  1956 | D:2      | Killed Crazy Yiuf
  2243 | D:2      | Reached XP level 5. HP: 21/34 MP: 9/9
  3260 | D:3      | Found a faded altar to an unknown god.
  3477 | D:3      | Noticed a hungry ghost
  3730 | D:3      | Noticed Purgy
  3739 | D:2      | HP: 1/51 [Purgy (2)]
  3747 | D:2      | HP: 1/51 [Purgy (2)]
  3750 | D:2      | Slain by Purgy

Vault maps used:
D:1:      nagdon_arrival_zigzag_paths, dk_noncrumbling_4
D:2:      corexii_item_surrounded_by_moat, uniq_crazy_yiuf_cottage
D:3:      grunt_qazlal_sundering, ecumenical_altar_2, st_stairs_7,
          lemuel_another_geyser, uniq_terence, uniq_grinder, uniq_purgy

Skill      XL: |  1  2  3  4  5 |
---------------+----------------+-----
Fighting       | 2 |  2.2
Transmutations | 3 |  3.2
Spellcasting   | 3 |  3.0
Dodging        | |  2.8
Unarmed Combat | |  3.8

Action                   |  1- 3 |  4- 6 || total
-------------------------+-------+-------++-------
Melee: Short sword       |    51 |    81 ||   132
       Spear             |    19 |       ||    19
       Unarmed           |       |    11 ||    11
 Cast: Spider Form       |       |     3 ||     3
  Use: Scroll            |     2 |       ||     2
       Potion            |       |     1 ||     1
 Stab: Sleeping          |     6 |     4 ||    10
  Eat: Chunk             |     1 |     6 ||     7
       Beef jerky        |       |     1 ||     1
